 Dungeon Crawl Stone Soup version 0.29.0-4-gdea44cf6ec (webtiles) character file.

Game seed: 16844330385725430049

61 qw the Chopper (level 4, -2/26 HPs)
             Began as a Tengu Warper on Aug 29, 2022.
             Slain by Natasha (6 damage)
             ... on level 2 of the Dungeon.
             The game lasted 00:00:31 (1384 turns).

qw the Chopper (Tengu Warper)                       Turns: 1384, Time: 00:00:32

Health: -2/26      AC: 10    Str: 14    XL:     4   Next: 7%
Magic:  8/8        EV:  6    Int: 13    God:
Gold:   100        SH:  0    Dex: 13    Spells: 7/7 levels left

rFire   . . .      SeeInvis .   a - +0 war axe (vorpal)
rCold   . . .      Faith    .   (no shield)
rNeg    . . .      Spirit   .   k - +0 chain mail
rPois   .          Reflect  .   (helmet restricted)
rElec   .          Harm     .   (no cloak)
rCorr   .          Rampage  .   g - +1 pair of gloves
Will    .....                   (boots unavailable)
Stlth   ..........              (no amulet)
HPRegen 0.08/turn               (no ring)
MPRegen 0.11/turn               (no ring)

@: about to teleport
A: beak, talons 3
a: no special abilities


You were on level 2 of the Dungeon.
You visited 1 branch of the dungeon, and saw 2 of its levels.

You collected 100 gold pieces.


Innate Abilities, Weirdness & Mutations

You have a beak for a mouth.
You have claws for feet.


   Skills:
 - Level 2.0 Fighting
 + Level 4.6 Axes
 - Level 1.0 Throwing
 - Level 1.1 Armour
 - Level 2.1 Dodging
 - Level 2.0 Spellcasting
 - Level 2.4 Translocations


You had 7 spell levels left.
You didn't know any spells.
Your spell library contained the following spells:

 Spells                   Type           Power      Damage    Failure   Level
 Blink                    Tloc           14%        N/A       99%         2
 Gell's Gravitas          Tloc           7%         N/A       100%        3
 Lesser Beckoning         Tloc           7%         N/A       100%        3
 Teleport Other           Tloc           7%         N/A       100%        3
 Manifold Assault         Tloc           7%         N/A       100%        5

Inventory:

Hand Weapons
 a - a +0 vorpal war axe (weapon)
 e - a +0 mace
 f - a +0 club
Armour
 b - a +0 ring mail of poison resistance
 g - a +1 pair of gloves (worn)
 k - a +0 chain mail (worn)
Potions
 c - a potion of invisibility {unknown}
 d - 2 potions of might {unknown}
 m - a potion of haste {unknown}

Dungeon Overview and Level Annotations

Branches:
Dungeon (2/15)

Altars:

Annotations:
D:2 Natasha


Message History

A hobgoblin comes into view.
The hobgoblin shouts!
You hit the hobgoblin.
You claw the hobgoblin, but do no damage.
You peck the hobgoblin.
You kill the hobgoblin!
A ball python comes into view.
Found a mace.
The ball python hisses angrily.
You hit the ball python but do no damage.
The ball python bites you but does no damage.
The ball python grabs you. The ball python constricts you.
The ball python bites you but does no damage.
The ball python constricts you.
You hit the ball python.
You claw the ball python, but do no damage.
The ball python is severely wounded.
The ball python barely misses you. The ball python constricts you.
You closely miss the ball python. You claw the ball python.
You kill the ball python!
You see here a ball python corpse.
e - a +0 mace Natasha, Servant of Life and Death comes into view.
Natasha wildly gestures.
Natasha glows brightly for a moment.
Natasha casts a spell.
Natasha stares at you and mumbles some strange words.
The magic dart hits you. The white imp gestures at you.
The puff of frost hits you! Natasha claws you.
The white imp grinds its teeth.
You hit Natasha. Your peck misses Natasha.
Natasha is heavily wounded.
Natasha claws you.
1384 ||| READING scroll of teleportation.
As you read the scroll of teleportation, it crumbles to dust.
You feel strangely unstable. Natasha claws you.
You die...

#[##.# ##.#%#####
#.##.# ##.......
#.##.# #.######
#.##.# #.######
#.##.########.......
#..............#####
#.##..........######
#.##########........
#5h@..# ##.######
#.###.# #....... #
#.# #....... #.#
##....... #.#
#........ #.#
#.#...... #.#
#.#...... #.####
#.#...... #....#
#.####.##


You could see Natasha and a white imp (summoned).

Vanquished Creatures
  2 adders (D:2)
  A worm (D:2)
  A dart slug (D:1)
  5 endoplasms
  4 giant cockroaches
  2 goblins
  2 hobgoblins (D:2)
  3 kobolds
  A quokka (D:1)
  5 ball pythons
  3 bats (D:1)
  3 frilled lizards (D:1)
  4 rats
36 creatures vanquished.

Notes
Turn   | Place    | Note
-------+----------+-------------------------------------------
     0 | D:1      | qw the Tengu Warper began the quest for the Orb.
     0 | D:1      | Reached XP level 1. HP: 12/12 MP: 4/4
     0 | D:1      | 0 ||| qw: Version: 0.1-a-89-g26bdef1
     0 | D:1      | 0 ||| qw: Game counter: 3543
     0 | D:1      | 0 ||| qw: Always use a shield: true
     0 | D:1      | 0 ||| qw: God list: Okawaru
     0 | D:1      | 0 ||| qw: Allow faded altars: false
     0 | D:1      | 0 ||| qw: Do Orc after D:15 true
     0 | D:1      | 0 ||| qw: Do second Lair branch before Depths: true
     0 | D:1      | 0 ||| qw: Lair rune preference: random
     0 | D:1      | 0 ||| qw: Plans: Normal
     0 | D:1      | 0 ||| PLANNING D:1-11
    41 | D:1      | 41 ||| Stepping ~*~*~tactically~*~*~ (hiding).
    83 | D:1      | Reached XP level 2. HP: 17/17 MP: 6/6
    89 | D:1      | Reached skill level 3 in Axes
    97 | D:1      | 97 ||| Stepping ~*~*~tactically~*~*~ (stealth).
   503 | D:1      | 503 ||| UPGRADING to +0 ring mail.
   505 | D:1      | 505 ||| UPGRADING to +0 ring mail.
   549 | D:1      | 549 ||| UPGRADING to +0 leather armour.
   554 | D:1      | 554 ||| UPGRADING to +0 ring mail.
   564 | D:1      | 564 ||| DROPPING +0 leather armour.
   565 | D:1      | 565 ||| UPGRADING to +0 pair of gloves.
   570 | D:1      | 570 ||| UPGRADING to +0 chain mail.
   580 | D:1      | 580 ||| DROPPING +0 ring mail.
   669 | D:1      | Found a faded altar of an unknown god.
   877 | D:1      | Reached XP level 3. HP: 21/21 MP: 7/7
   878 | D:1      | 878 ||| READING scroll labelled OVOELUT ZIUQAT.
   879 | D:1      | 879 ||| READING scroll labelled SUITTA BOIHUTE.
   880 | D:1      | 880 ||| READING scroll labelled ZUL KUQOSME.
   881 | D:1      | 881 ||| READING scroll labelled EBLIKL OTAEJIPUBBE.
   882 | D:1      | 882 ||| READING 2 scrolls labelled GEMUANK EDAMI.
   885 | D:1      | 885 ||| READING scroll labelled EBLISU YLLUGHOEMO.
   886 | D:1      | 886 ||| DROPPING scroll of blinking.
  1115 | D:2      | 1115 ||| SWAPPING to +0 vorpal war axe.
  1116 | D:2      | 1116 ||| DROPPING +0 hand axe of chaos.
  1124 | D:2      | 1124 ||| READING scroll of enchant armour.
  1124 | D:2      | 1124 ||| ENCHANTING +0 pair of gloves.
  1138 | D:2      | Reached skill level 4 in Axes
  1268 | D:2      | Reached XP level 4. HP: 20/26 MP: 8/8
  1380 | D:2      | Noticed Natasha
  1383 | D:2      | HP: 4/26 [Natasha (3)]
  1384 | D:2      | 1384 ||| READING scroll of teleportation.
  1384 | D:2      | Slain by Natasha

Levels and vault maps discovered:
D:1:      dpeg_arrival_orchard, layout_basic, shapermc_ecumenical_altar_petra,
          minmay_misc_feat_diagonals
D:2:      layout_loops_ring, uniq_natasha

Skill      XL: |  1  2  3 |
---------------+----------+-----
Axes           | 3 4 |  4.6
Fighting       | |  2.0
Throwing       | |  1.0
Armour         | |  1.1
Dodging        | |  2.1
Spellcasting   | |  2.0
Translocations | |  2.4

Action                   |  1- 3 |  4- 6 || total
-------------------------+-------+-------++-------
Melee: Hand axe          |    47 |       ||    47
       Kick              |    19 |     3 ||    22
       Peck              |     7 |     1 ||     8
       War axe           |    19 |     5 ||    24
Throw: Boomerang         |     7 |       ||     7
  Use: Scroll            |     7 |     1 ||     8
Armor: Leather armour    |     5 |       ||     5
       Chain mail        |    14 |     2 ||    16
Dodge: Dodged            |    20 |     1 ||    21

Table legend:
 A = Non-vault XP
 B = Vault XP
 C = Vault XP percentage of total XP
 D = Non-vault monster count
 E = Vault monster count
 F = Vault count percentage of total count
                 A         B        C        D         E       F
            +---------+---------+-------+---------+---------+-------
      Total |      88 |       0 |   0.0 |      36 |       0 |   0.0
            +---------+---------+-------+---------+---------+-------
        D:1 |      35 |       0 |   0.0 |      21 |       0 |   0.0
        D:2 |      53 |       0 |   0.0 |      15 |       0 |   0.0
            +---------+---------+-------+---------+---------+-------
